 Dungeon Crawl Stone Soup version 0.27.1-2-g3b301248ec (webtiles) character file.

Game seed: 3001869508025483503

130134 cdecastro the Severer (level 16, -13/162 HPs)
             Began as a Minotaur Berserker on Oct 4, 2021.
             Was a High Priest of Trog.
             Killed from afar by an elemental wellspring (43 damage)
             ... with a torrent of water
             ... on level 3 of the Shoals.
             The game lasted 01:21:10 (25992 turns).

cdecastro the Severer (Minotaur Berserker)         Turns: 25992, Time: 01:21:11

Health: -13/162    AC: 33    Str: 25    XL:     16   Next: 52%
Magic:  15/15      EV: 10    Int:  5    God:    Trog [*****.]
Gold:   1824       SH:  0    Dex: 16    Spells: 15/15 levels left

rFire    + . .     SeeInvis .   i - +11 broad axe of Nudonof {freeze, rElec rF+ rN+}
rCold    + . .     Faith    .   (no shield)
rNeg     + . .     Spirit   .   s - +0 plate armour
rPois    .         Reflect  .   (helmet restricted)
rElec    +         Harm     .   X - +2 cloak
rCorr    .         Rampage  +   P - +0 pair of gloves
Will     +....                  Y - +2 pair of boots {rampage}
Stlth    ..........             a - amulet of regeneration
HPRegen  1.37/turn              T - ring of the Octopus King {rC+ AC+1 EV+1 Str+1 Int+1 Dex+1}
MPRegen  0.14/turn              w - +4 ring of protection

@: engulfed (cannot breathe), very slow
A: horns 2, retaliatory headbutt
a: Renounce Religion, Berserk, Trog's Hand, Brothers in Arms


You were on level 3 of the Shoals.
You worshipped Trog.
Trog was extremely pleased with you.
You visited 4 branches of the dungeon, and saw 25 of its levels.
You also visited: Ossuary and Ice Cave.

You collected 2058 gold pieces.
You spent 234 gold pieces at shops.

Inventory:

Hand Weapons
 h - a +0 executioner's axe
 i - the +11 broad axe of Nudonof (weapon) {freeze, rElec rF+ rN+}
   (You bought it in a shop on level 3 of the Dungeon)

   It freezes those it strikes, dealing additional cold damage.
   It can also slow down cold-blooded creatures.
   rF:        It protects you from fire.
   rElec:     It insulates you from electricity.
   rN:        It protects you from negative energy.
 m - a +7 antimagic battleaxe
 V - a +3 battleaxe of flaming
Missiles
 p - 116 poisoned darts
 r - 519 arrows
 x - 6 silver javelins
 A - 37 boomerangs (quivered)
 L - 127 bolts
 M - 19 boomerangs of dispersal
 S - 8 curare-tipped darts
Armour
 s - a +0 plate armour (worn)
 P - a +0 pair of gloves (worn)
 X - a +2 cloak (worn)
 Y - a +2 pair of boots of rampaging (worn)
Jewellery
 a - an amulet of regeneration (around neck)
 e - the amulet of Gaxad {Faith Str+4 Slay+2}
   (You found it on level 3 of the Shoals)

   [amulet of faith]

   It allows you to gain divine favour quickly.
   Str:       It affects your strength (+4).
   Slay:      It affects your accuracy & damage with ranged weapons and melee
   (+2).
 k - a ring of poison resistance
 n - a ring of resist corrosion
 w - a +4 ring of protection (right hand)
 C - a ring of see invisible
 I - a ring of positive energy
 T - a ring of the Octopus King (left hand) {rC+ AC+1 EV+1 Str+1 Int+1 Dex+1}
   (You found it on level 6 of the Lair of Beasts)

   [ring of protection from cold]

   AC:        It affects your AC (+1).
   EV:        It affects your evasion (+1).
   Str:       It affects your strength (+1).
   Int:       It affects your intelligence (+1).
   Dex:       It affects your dexterity (+1).
   rC:        It protects you from cold.
Wands
 b - a wand of flame (68)
 d - a wand of digging (7)
 D - a wand of polymorph (9)
 O - a wand of paralysis (47)
 Q - a wand of iceblast (13)
Scrolls
 c - 4 scrolls of fear
 g - 2 scrolls of fog
 j - a scroll of silence
 l - 3 scrolls of blinking
 o - a scroll of torment
 u - 2 scrolls of enchant weapon
 v - 14 scrolls of teleportation
 y - 3 scrolls of identify
 G - a scroll of holy word
 J - a scroll of summoning
 N - 2 scrolls of immolation
 W - 5 scrolls of magic mapping
Potions
 f - 5 potions of heal wounds
 q - 7 potions of flight
 z - 3 potions of berserk rage
 E - a potion of resistance
 F - 7 potions of curing
 H - 4 potions of might
 K - 3 potions of haste
 R - a potion of cancellation
 Z - a potion of invisibility
Miscellaneous
 t - a phantom mirror
 B - a phantom mirror
 U - a box of beasts


   Skills:
 - Level 20.0 Fighting
 - Level 20.0 Axes
 + Level 18.7 Armour
 - Level 2.1 Dodging


You had 15 spell levels left.
You didn't know any spells.
Your spell library contained the following spells:

 Spells                   Type           Power      Damage    Failure   Level
 Animate Skeleton         Necr           0%         N/A       97%         1
 Apportation              Tloc           0%         N/A       97%         1
 Corona                   Hex            0%         N/A       97%         1
 Freeze                   Ice            0%         1d3       97%         1
 Magic Dart               Conj           0%         1d3       97%         1
 Pain                     Necr           0%         1d4       97%         1
 Summon Small Mammal      Summ           0%         N/A       97%         1
 Searing Ray              Conj           0%         3d3       99%         2
 Slow                     Hex            0%         N/A       99%         2
 Sublimation of Blood     Necr           0%         N/A       99%         2
 Confusing Touch          Hex            0%         N/A       100%        3
 Dazzling Flash           Conj/Hex       0%         N/A       100%        3
 Frozen Ramparts          Ice            0%         1d2       100%        3
 Ignite Poison            Fire/Tmut/Pois 0%         N/A       100%        3
 Mephitic Cloud           Conj/Pois/Air  0%         N/A       100%        3
 Fulminant Prism          Conj/Hex       0%         3d6       100%        4
 Hailstorm                Conj/Ice       0%         3d3       100%        4
 Leda's Liquefaction      Hex/Erth       0%         N/A       100%        4
 Petrify                  Tmut/Erth      0%         N/A       100%        4
 Agony                    Necr           0%         N/A       100%        5
 Bolt of Magma            Conj/Fire/Erth 0%         4d4       100%        5
 Excruciating Wounds      Necr           0%         N/A       100%        5
 Irradiate                Conj/Tmut      0%         3d13      100%        5
 Metabolic Englaciation   Hex/Ice        0%         N/A       100%        5
 Silence                  Hex/Air        0%         N/A       100%        5
 Yara's Violent Unravell  Hex/Tmut       0%         3d3       100%        5
 Dispersal                Tloc           0%         N/A       100%        6
 Statue Form              Tmut/Erth      0%         N/A       100%        6
 Disjunction              Tloc           0%         N/A       100%        8
 Chain Lightning          Conj/Air       0%         N/A       100%        9
 Fire Storm               Conj/Fire      0%         5d1       100%        9


Dungeon Overview and Level Annotations

Branches:
Dungeon (15/15)            Temple (1/1) D:7            Lair (6/6) D:9
 Shoals (3/4) Lair:2        Snake (0/4) Lair:2        Slime (0/5) Lair:5
    Orc (0/2) D:12         Vaults (0/5) D:13         Depths (0/5) D:15
Ossuary (visited)           IceCv (visited)

Altars:
Ashenzari
Cheibriados
Dithmenos
Elyvilon
Fedhas
Gozag
Hepliaklqana
Kikubaaqudgha
Makhleb
Nemelex Xobeh
Okawaru
Qazlal
Ru
Sif Muna
Trog
Uskayaw
Vehumet
Wu Jian
Xom
Yredelemnul
Zin
The Shining One
Jiyva

Shops:
D:3 (   D:15 :

Annotations:
D:12 3 runed translucent doors, Plog's ghost, journeyman DgVM; Veixkuz's ghost, journeyman MiBe; qdestroyer's ghost, journeyman MiBe; qdestroyer's ghost, journeyman TrMo
Lair:5 1 runed translucent door


Innate Abilities, Weirdness & Mutations

You have a pair of horns on your head.
You reflexively headbutt those who attack you in melee.


Message History

The water elemental engulfs you in water!
Okay, then.
Unknown command.
You slice the elemental wellspring!! You freeze the elemental wellspring.
The elemental wellspring is almost destroyed.
You slash the water elemental! You freeze the water elemental.
You slash the water elemental! You freeze the water elemental!
Your lungs strain for air!
The water elemental disappears in a puff of smoke! x2
A torrent of water rises up through the elemental wellspring!
The torrent of water hits you!!!
* * * LOW HITPOINT WARNING * * *
You are knocked back by the torrent of water.
You collide with the water elemental!
* * * LOW HITPOINT WARNING * * *
Splash!
The wave splashes down.
You slip free of the water engulfing you.
You gasp with relief as air once again reaches your lungs.
The water elemental disappears in a puff of smoke!
The water elemental barely misses you. You furiously retaliate!
You headbutt the water elemental.
A torrent of water rises up through the elemental wellspring!
The torrent of water hits you!
* * * LOW HITPOINT WARNING * * *
You are knocked back by the torrent of water.
You slam into the stone wall!
* * * LOW HITPOINT WARNING * * *
Splash!
The wave splashes down.
The water elemental hits you.
The water elemental engulfs you in water!
You cannot read scrolls while unable to breathe!
Unknown command.
Unknown command.
You feel much better.
* * * LOW HITPOINT WARNING * * *
Your lungs strain for air!
A torrent of water rises up through the elemental wellspring!
The torrent of water hits you!!!
You die...

≈≈≈≈≈≈≈≈≈≈≈≈≈≈≈≈≈≈≈PPP≈≈P.≈≈≈≈≈≈≈
≈≈≈≈≈≈≈≈≈≈≈≈≈≈≈≈≈≈PPP≈..P..≈≈≈≈≈≈
≈≈≈≈≈≈≈≈≈≈≈≈≈≈≈≈≈≈PP≈....P.≈≈≈≈≈≈
≈≈≈≈≈≈≈≈≈≈≈≈≈≈≈≈PPPP.P...P..≈≈≈≈≈
≈≈≈≈≈≈≈≈≈≈≈≈≈§≈≈≈P≈PP.P..P..≈≈≈≈≈
≈≈≈≈≈≈≈≈≈≈≈≈≈≈≈§§≈≈.......P.P≈≈≈≈
≈≈≈≈≈≈≈≈≈≈#≈#≈#E#≈..≈P...≈≈≈≈≈≈≈≈
..≈≈≈.≈≈≈≈≈≈≈mE§E≈..≈≈...≈≈≈≈≈≈≈≈
.......≈≈#≈##E##@#...≈...≈≈≈≈≈≈≈≈
.......≈≈≈≈#≈≈≈#≈≈.........≈≈≈≈≈≈
.....≈≈≈#≈≈#≈≈≈#≈≈#≈≈........≈≈≈≈
....≈≈≈≈≈≈≈#≈≈≈#≈≈≈≈≈.....###.≈≈≈
....≈≈≈#≈≈##≈E≈##≈≈#≈.....# #..≈≈
...≈≈≈≈≈≈##≈EE≈E##≈≈≈≈....# ##..≈
..≈≈≈≈≈#≈#≈≈≈≈≈≈≈#≈#≈≈≈...## #...
≈≈≈.≈≈≈≈≈#≈≈≈≈≈≈≈#≈≈≈≈≈....####..
≈≈≈>≈≈≈#≈#≈≈≈≈≈≈≈#≈#≈≈≈.....# ###


You could see an elemental wellspring, 2 water elementals and a water nymph.

Vanquished Creatures
  Frances (Shoals:1)
  Kirke (Lair:3)
  Gastronok (Lair:1)
  A merfolk javelineer (Shoals:1)
  2 fire dragons (D:15)
  An ettin (D:11)
  2 merfolk impalers (Shoals:2)
  Harold (D:8)
  3 vault guards (D:13)
  3 boulder beetles
  11 hydras
  An ogre mage (D:15)
  A merfolk aquamancer (Shoals:1)
  A satyr (Shoals:2)
  The ghost of pkoi the Cleaver, a novice MiGl of Uskayaw (D:11)
  2 death knights
  3 merfolk avatars
  4 tengu warriors
  15 death yaks
  6 two-headed ogres
  The ghost of GravelGoth the Blocker, a novice MiFi of Gozag (Lair:1)
  2 skeletal warriors (D:14)
  5 sea snakes
  A wizard (D:13)
  A swamp dragon (shapeshifter) (D:13)
  A lindwurm (Lair:5)
  10 harpies
  3 orc knights
  A harpy (shapeshifter) (D:13)
  3 phantasmal warriors (D:15)
  11 ugly things
  9 cyclopes
  11 fauns
  7 manticores
  An orc sorcerer (D:13)
  25 elephants
  3 merfolk sirens
  Joseph (D:7)
  3 ice statues (IceCv)
  A gargoyle (D:13)
  7 black mambas
  5 water nymphs
  6 orange demons
  Psyche (D:11)
  Maggie (D:7)
  An unseen horror (shapeshifter) (D:14)
  5 freezing wraiths
  7 komodo dragons
  6 cane toads
  An unseen horror (D:12)
  A rime drake (Lair:2)
  3 tengu conjurers
  2 red devils (D:10)
  14 merfolk
  An anaconda simulacrum (IceCv)
  A troll (D:10)
  6 wind drakes
  A polar bear (shapeshifter) (D:15)
  19 slime creatures
  2 hornets (Lair:6)
  3 polar bears
  21 blink frogs
  5 snapping turtles
  4 dream sheep (Shoals:1)
  Sigmund (D:4)
  5 wyverns
  3 water elementals
  3 wraiths
  A vampire (D:14)
  A dire elephant simulacrum (IceCv)
  4 basilisks
  41 yaks
  6 hogs
  2 humans (D:13)
  10 vampire mosquitoes
  3 steam dragons
  A death yak simulacrum (IceCv)
  3 nagas (Lair:2)
  An acid dragon (D:11)
  13 water moccasins
  Duvessa (D:4)
  3 ice beasts
  A sky beast (D:6)
  8 orc warriors
  3 black bears
  2 necrophages
  3 ogres
  10 centaurs
  3 kobold brigands
  15 bullfrogs
  A cane toad simulacrum (IceCv)
  4 scorpions
  A water moccasin zombie (D:6)
  Dowan (D:4)
  3 killer bees (D:9)
  An elephant simulacrum (IceCv)
  3 electric eels
  3 bullfrog zombies
  A howler monkey (D:11)
  A crimson imp (D:5)
  A bullfrog skeleton (D:6)
  10 centaur zombies
  A hound (D:4)
  2 human zombies (Ossuary)
  5 orc priests
  5 iguanas
  7 orc wizards
  Natasha (twice) (D:3)
  5 hell rats (Lair:4)
  2 polar bear simulacra (IceCv)
  A wolf simulacrum (IceCv)
  5 mummies (Ossuary)
  A howler monkey zombie (D:9)
  A howler monkey skeleton (D:6)
  3 gnolls (D:3)
  4 adders
  A shadow imp (D:5)
  2 white imps
  An adder skeleton (D:5)
  4 worms
  2 dart slugs (D:2)
  37 orcs
  7 ball pythons
  4 bats
  3 endoplasms
  3 giant cockroaches
  3 gnoll zombies (Ossuary)
  10 goblins
  4 hobgoblins
  4 jackals (D:3)
  20 kobolds
  3 quokkas
  A frilled lizard (D:1)
  2 rats
  A bush (Lair:6)
617 creatures vanquished.

Vanquished Creatures (collateral kills)
  Ilsuiw (Shoals:2)
  A merfolk impaler (Shoals:2)
  A sea snake (Shoals:2)
  A merfolk (Shoals:2)
4 creatures vanquished.

Vanquished Creatures (others)
  A bush (Lair:6)
  67 fungi
  141 plants
  5 withered plants (D:10)
214 creatures vanquished.

Grand Total: 835 creatures vanquished

Notes
Turn   | Place    | Note
-------+----------+-------------------------------------------
     0 | D:1      | cdecastro the Minotaur Berserker began the quest for the
                  | Orb.
     0 | D:1      | Reached XP level 1. HP: 19/19 MP: 0/0
   581 | D:1      | Reached XP level 2. HP: 24/26 MP: 1/1
  1362 | D:2      | Reached skill level 5 in Axes
  1449 | D:2      | Reached XP level 3. HP: 31/31 MP: 2/2
  1559 | D:2      | Reached ** piety under Trog
  2058 | D:3      | Noticed Natasha
  2063 | D:3      | Killed Natasha
  2064 | D:3      | Reached XP level 4. HP: 39/39 MP: 3/3
  2238 | D:3      | Found Renlon's Antique Weapon Shop.
  2525 | D:3      | Found a white marble altar of Elyvilon.
  2570 | D:3      | Noticed Natasha
  2576 | D:3      | Killed Natasha
  2577 | D:3      | Reached XP level 5. HP: 44/45 MP: 4/4
  2585 | D:3      | Found a sacrificial altar of Ru.
  2585 | D:3      | Found a basalt altar of Yredelemnul.
  2977 | D:4      | Noticed a black bear
  2982 | D:4      | Killed a black bear
  2983 | D:4      | Reached XP level 6. HP: 51/51 MP: 5/5
  3042 | D:4      | Noticed Sigmund
  3097 | D:4      | Killed Sigmund
  3306 | D:4      | Reached XP level 7. HP: 51/57 MP: 6/6
  3389 | D:4      | Found an iron altar of Okawaru.
  3407 | D:4      | Reached skill level 10 in Axes
  3600 | D:4      | Noticed Dowan
  3624 | D:4      | Killed Dowan
  3730 | D:4      | Reached skill level 5 in Fighting
  3753 | D:4      | Noticed Duvessa
  3761 | D:4      | Killed Duvessa
  3976 | D:5      | Entered Level 5 of the Dungeon
  3980 | D:5      | Identified a scroll of acquirement
  4011 | D:5      | Found a sand-covered staircase.
  4026 | Ossuary  | Entered an ossuary
  4158 | Ossuary  | Reached *** piety under Trog
  4159 | Ossuary  | Reached XP level 8. HP: 72/73 MP: 7/7
  4394 | D:5      | Found a burning altar of Makhleb.
  4394 | D:5      | Found a shimmering altar of Xom.
  4572 | D:5      | Identified the +0 pair of gloves of Ohy Vuosm {Harm Str+4}
  5684 | D:6      | Reached skill level 10 in Fighting
  6353 | D:6      | Reached XP level 9. HP: 36/85 MP: 8/8
  6884 | D:3      | Bought an ebony broad axe for 234 gold pieces
  6884 | D:3      | Identified the +11 broad axe of Nudonof {freeze, rElec rF+
                  | rN+} (You bought it in a shop on level 3 of the Dungeon)
  7013 | D:7      | Found a staircase to the Ecumenical Temple.
  7027 | Temple   | Entered the Ecumenical Temple
  7370 | D:7      | Noticed Joseph
  7383 | D:7      | Killed Joseph
  7567 | D:7      | Noticed Maggie
  7592 | D:7      | Killed Maggie
  7824 | D:7      | Found a shadowy altar of Dithmenos.
  8372 | D:8      | Noticed a cyclops
  8400 | D:8      | Killed a cyclops
  8401 | D:8      | Reached XP level 10. HP: 61/93 MP: 9/9
  8558 | D:8      | Found an opulent altar of Gozag.
  8781 | D:8      | Noticed Harold
  8798 | D:8      | Killed Harold
  8799 | D:8      | Reached skill level 10 in Armour
  9369 | D:9      | Found a bloodstained altar of Trog.
  9370 | D:9      | Found a blossoming altar of Fedhas.
  9531 | D:9      | Noticed a two-headed ogre
  9545 | D:9      | Killed a two-headed ogre
  9571 | D:9      | Noticed a two-headed ogre
  9578 | D:9      | Killed a two-headed ogre
  9673 | D:9      | Found a sparkling altar of Nemelex Xobeh.
 10037 | D:9      | Found an ornate altar of the Wu Jian Council.
 10162 | D:9      | Reached **** piety under Trog
 10167 | D:9      | Reached XP level 11. HP: 87/99 MP: 10/10
 10271 | D:9      | Found a staircase to the Lair.
 10457 | D:10     | Entered Level 10 of the Dungeon
 10521 | D:10     | Reached skill level 15 in Axes
 10525 | D:10     | Noticed a two-headed ogre
 10538 | D:10     | Killed a two-headed ogre
 11853 | D:11     | Noticed pkoi's ghost (novice MiGl)
 11857 | D:11     | Noticed an ettin
 11861 | D:11     | Found a runed translucent gate.
 11861 | D:11     | Found a runed translucent gate.
 11861 | D:11     | Found a runed translucent gate.
 11896 | D:11     | Noticed a six-headed hydra
 11997 | Lair:1   | Entered Level 1 of the Lair of Beasts
 12041 | Lair:1   | Reached ***** piety under Trog
 12121 | Lair:1   | Found a runed translucent gate.
 12121 | Lair:1   | Found a runed translucent gate.
 12121 | Lair:1   | Found a runed translucent gate.
 12122 | Lair:1   | Noticed GravelGoth's ghost (novice MiFi)
 12122 | Lair:1   | Noticed an 11-headed hydra
 12233 | Lair:1   | Noticed Gastronok
 12246 | Lair:1   | Killed Gastronok
 12381 | Lair:1   | Reached XP level 12. HP: 109/115 MP: 11/11
 12872 | Lair:2   | Found a staircase to the Snake Pit.
 13795 | Lair:2   | Found a staircase to the Shoals.
 13979 | Lair:2   | Reached skill level 15 in Fighting
 14007 | Lair:3   | Noticed a four-headed hydra
 14018 | Lair:3   | Killed a four-headed hydra
 14615 | Lair:3   | Noticed an eight-headed hydra
 14632 | Lair:3   | Killed an eight-headed hydra
 15213 | Lair:4   | Reached XP level 13. HP: 119/126 MP: 12/12
 15649 | Lair:4   | Noticed Kirke
 15695 | Lair:3   | Killed Kirke
 16333 | Lair:5   | Found a frozen archway.
 16490 | IceCv    | Entered an ice cave
 16658 | IceCv    | Received a gift from Trog
 16835 | IceCv    | Found the +0 staff of Battle
 17363 | Lair:5   | Found a runed translucent door.
 17363 | Lair:5   | Found a viscous altar of Jiyva.
 17364 | Lair:5   | Found a staircase to the Slime Pits.
 17618 | Lair:6   | Entered Level 6 of the Lair of Beasts
 17630 | Lair:5   | Reached skill level 15 in Armour
 17749 | Lair:6   | Reached XP level 14. HP: 112/135 MP: 13/13
 18310 | Lair:6   | Received a gift from Trog
 18503 | Lair:6   | Found the ring of the Octopus King
 18567 | Lair:6   | Identified a ring of the Octopus King {rC+ AC+1 EV+1 Str+1
                  | Int+1 Dex+1}
 18960 | D:11     | Identified the +3 buckler of the Hanged Man {Fly rCorr
                  | Str+2}
 19209 | D:11     | Noticed Psyche
 19219 | D:11     | Killed Psyche
 19752 | D:12     | Found a staircase to the Orcish Mines.
 19755 | D:12     | Reached ****** piety under Trog
 20090 | D:12     | Identified the +2 robe "Exyaf" {Regen+}
 20307 | D:12     | Found a runed translucent gate.
 20307 | D:12     | Found a runed translucent gate.
 20307 | D:12     | Found a runed translucent gate.
 20309 | D:12     | Noticed Veixkuz's ghost (journeyman MiBe)
 20309 | D:12     | Noticed Plog's ghost (journeyman DgVM)
 20310 | D:12     | Noticed qdestroyer's ghost (journeyman TrMo)
 20310 | D:12     | Noticed qdestroyer's ghost (journeyman MiBe)
 20486 | D:13     | Reached XP level 15. HP: 124/147 MP: 14/14
 20524 | D:13     | Found a radiant altar of Vehumet.
 20741 | D:13     | Found a gate to the Vaults.
 21020 | D:13     | Received a gift from Trog
 21254 | D:14     | Found a broken altar of Ashenzari.
 22236 | D:15     | Entered Level 15 of the Dungeon
 22289 | D:15     | Found Viomoecw's Book Shop.
 22543 | D:15     | Received a gift from Trog
 22545 | D:15     | Paralysed by an ogre mage for 2 turns
 22672 | D:15     | Identified the +1 robe of Summertime {rCorr Int+3 Dex+2
                  | Slay-3}
 23135 | D:15     | Found a staircase to the Depths.
 23328 | D:11     | Killed pkoi's ghost
 23488 | Lair:1   | Killed GravelGoth's ghost
 23571 | Shoals:1 | Entered Level 1 of the Shoals
 23813 | Shoals:1 | Reached XP level 16. HP: 152/162 MP: 15/15
 23977 | Shoals:1 | Noticed Frances
 23994 | Shoals:1 | Killed Frances
 24424 | Shoals:2 | Received a gift from Trog
 24724 | Shoals:2 | HP: 3/162 [merfolk impaler (17)]
 25046 | Shoals:2 | Noticed Ilsuiw
 25071 | Shoals:2 | Killed Ilsuiw
 25737 | Shoals:3 | Identified the amulet of Gaxad {Faith Str+4 Slay+2}
 25820 | Shoals:3 | Identified the +6 rapier "Qig Moa" {chaos, Dex+3}
 25900 | Shoals:3 | Received a gift from Trog
 25991 | Shoals:3 | HP: 8/162 [stone wall collision (6)]
 25992 | Shoals:3 | Killed from afar by an elemental wellspring

Illustrated notes

Levels and vault maps discovered:
D:1:      minmay_arrival_nine_rooms, layout_basic,
          chequers_serial_rivers_large_b, eino_curves_01
D:2:      layout_basic, fountainhead, dk_noncrumbling_4
D:3:      layout_loops_ring, gammafunk_temple_overflow_wave, marbit_many_paths,
          serial_shops, shop, grunt_ministairs_8, uniq_natasha
D:4:      layout_loops_ring, okawaru_ov_weapons_minmay, uniq_duvessa,
          uniq_sigmund
D:5:      layout_cave_pods, grunt_temple_overflow_champion_of_chaos,
          nicolae_ossuary_entry_ruins
D:6:      cheibrodos_steamvent, layout_gridville, serial_co_window_serial,
          co_window_of_opportunity_a, co_window_paths_a, co_window_corner_a,
          co_window_of_opportunity_a, co_window_paths_a,
          co_window_unsneaky_path_e, co_window_unsneaky_path_d,
          co_window_broadway_b, co_window_of_opportunity_b,
          co_window_of_opportunity_b, co_window_broadway_a,
          co_window_broadway_a, co_window_4corner_b, glass_columns_b,
          glass_columns_a, glass_columns_a, glass_columns_a, glass_columns_a
D:7:      statuecave_lemuel, layout_gridville,
          grunt_dithmenos_smoke_and_mirrors, minmay_temple_entry_glass,
          uniq_maggie, uniq_joseph
D:8:      layout_basic, grunt_gozag_breadcrumbs, uniq_harold
D:9:      layout_loops_ring, kennysheep_little_box,
          nemelex_xobeh_ov_fountains_minmay, mainiacjoe_overflow_catch_the_wave,
          david_lair_shrubbed, minmay_unpleasant_kobolds
D:10:     layout_loops_ring, serial_undead, serial_undead_e, serial_undead_c,
          serial_undead_b, serial_undead_b, minmay_beelzebubs_servants
D:11:     layout_roguey, gammafunk_ghost_split, kennysheep_decorative_pillar,
          uniq_psyche
D:12:     layout_long_grid, erik_orc_3, gammafunk_ghost_cemetery
D:13:     layout_cave_pools, grunt_vaults_entry_fortified, vehumet_altar_wand_db
D:14:     layout_loops_corners, evilmike_ruin_ashenzari, minmay_misc_feat_tower
D:15:     grunt_enter_depths_hoard, layout_loops_ring, serial_shops, shop,
          minivault_14
Temple:   eino_wide_crystal_templ
Lair:1:   layout_gridlike, gammafunk_ghost_hydra_chop, uniq_gastronok
Lair:2:   layout_long_grid, minmay_shoals_entry_lonely_mermaid,
          guppyfry_snake_entry_island
Lair:3:   layout_chaotic_city, serial_bayou_shore_a, grunt_megastairs_4,
          lemuel_fruit_tree, infiniplex_staircase_pool_2
Lair:4:   layout_hall_layers, grunt_megastairs_5, uniq_kirke
Lair:5:   layout_concentric_octagons, slime_altar_2,
          portal_ice_cave_entry_pillars_2, small_statue_intersection,
          mumra_transporter_accident
Lair:6:   gammafunk_lair_ancient_temple, layout_loops_ring, grunt_megastairs_1
Shoals:1: layout_shoals, uniq_frances
Shoals:2: layout_shoals, uniq_ilsuiw
Shoals:3: layout_shoals, nicolae_shoals_spring_well_temple

Skill      XL: |  1  2  3  4  5  6  7  8  9 10 11 12 13 14 15 16 |
---------------+-------------------------------------------------+-----
Axes           | 4 5 6 7 8 9 10 11 14 16 18 20 | 20.0
Fighting       | 7 10 13 15 17 20 | 20.0
Armour         | 9 10 15 16 18 | 18.7
Dodging        | |  2.1

Action                   |  1- 3 |  4- 6 |  7- 9 | 10-12 | 13-15 | 16-18 || total
-------------------------+-------+-------+-------+-------+-------+-------++-------
Melee: Hand axe          |    68 |    69 |       |       |       |       ||   137
       Headbutt          |     7 |    16 |    47 |    65 |   217 |    48 ||   400
       War axe           |       |    32 |   182 |       |       |       ||   214
       Broad axe         |       |       |    48 |   334 |   797 |   209 ||  1388
       Demon trident     |       |       |       |     3 |    25 |       ||    28
       Battleaxe         |       |       |       |       |    19 |       ||    19
Throw: Dart              |       |       |     6 |       |     1 |       ||     7
       Stone             |       |       |     1 |       |       |       ||     1
       Boomerang         |       |       |       |       |     8 |     2 ||    10
Invok: Berserk           |       |     2 |     3 |     4 |     8 |     2 ||    19
       Brothers in Arms  |       |       |       |       |       |     2 ||     2
       Trog's Hand       |       |       |       |       |       |     1 ||     1
Evoke: Wand              |       |       |       |     7 |     7 |       ||    14
       Box of beasts     |       |       |       |       |       |     1 ||     1
  Use: Scroll            |       |       |     6 |    12 |    13 |     3 ||    34
       Potion            |       |       |       |       |       |     2 ||     2
 Stab: Paralysed         |       |       |       |     1 |       |       ||     1
Armor: Animal skin       |     6 |       |       |       |       |       ||     6
       Leather armour    |     7 |       |       |       |       |       ||     7
       Plate armour      |     2 |    39 |   124 |   162 |   553 |   171 ||  1051
       Ring mail         |     1 |       |       |       |       |       ||     1
Dodge: Dodged            |    49 |    35 |    90 |   155 |   314 |    89 ||   732
